XFBL
HOUSTON ASTROS @ NEW YORK METS
08/30/1982
 
TOP OF THE 1ST
Houston Astros batting - Pitching for New York Mets : RHP Enrique Martinez
Pitching: RHP Enrique Martinez
Batting: RHB Julio Franco 0-0: Ball
1-0: Foul Ball, location: 2F
1-1: Ground out 6-3 (Groundball, 56D, EV 100.0 MPH)
Batting: LHB Steve Kemp 0-0: Swinging Strike
0-1: Ball
1-1: Ball
2-1: Foul Ball, location: 2F
2-2: Hit by Pitch
Batting: RHB Zail Smith 0-0: SINGLE (Flyball, 6D, EV 90.6 MPH)
Steve Kemp to second
Batting: SHB Christopher Clark 0-0: Called Strike
0-1: Ball
1-1: Ball
2-1: Ball
3-1: Foul Ball, location: 2F
3-2: Foul Ball, location: 2F
3-2: Base on Balls
Steve Kemp to third
Zail Smith to second
Batting: LHB Jose Cruz 0-0: Ball
1-0: Ball
2-0: Called Strike
2-1: Called Strike
2-2: Foul Ball, location: 2F
2-2: Ball
3-2: Base on Balls
Steve Kemp scores
Zail Smith to third
Christopher Clark to second
Batting: SHB Bill D Doran 0-0: Ball
1-0: Ball
2-0: Called Strike
2-1: Ball
3-1: Base on Balls
Zail Smith scores
Christopher Clark to third
Jose Cruz to second
Batting: RHB Dave Valle 0-0: Called Strike
0-1: Foul Ball, location: 2F
0-2: Fly out, F8 (Flyball, 8RXD, EV 90.6 MPH)
Runner from 3rd tags up, SCORES, no throw by CF
Jose Cruz to third
Batting: RHB Ricky Adams 0-0: Called Strike
0-1: Ball
1-1: Ball
2-1: Called Strike
2-2: SINGLE (Groundball, 56, EV 80.0 MPH) (infield hit)
Jose Cruz scores
Bill D Doran to second
Batting: RHB Steve Bedrosian 0-0: Called Strike
0-1: Ball
1-1: Ball
2-1: Foul Ball, location: 2F
2-2: Strikes out looking
Top of the 1st over - 4 runs, 2 hits, 0 errors, 2 left on base; Houston 4 - New York 0
BOTTOM OF THE 1ST
New York Mets batting - Pitching for Houston Astros : RHP Steve Bedrosian
Pitching: RHP Steve Bedrosian
Batting: LHB Lyman Bostock 0-0: Called Strike
0-1: Ball
1-1: Called Strike
1-2: Fly out, F7 (Flyball, 7S, EV 80.0 MPH)
Batting: RHB Dave Concepcion 0-0: Fly out, F4 (Line Drive, 4, EV 67.5 MPH)
Batting: LHB John Kruk 0-0: Ball
1-0: Ball
2-0: Ball
3-0: Base on Balls
Batting: RHB Garry Maddox 0-0: Ball
1-0: Fielders Choice at 2nd, U4 (Groundball, 4M, EV 88.1 MPH)
Bottom of the 1st over - 0 runs, 0 hits, 0 errors, 1 left on base; Houston 4 - New York 0
TOP OF THE 2ND
Houston Astros batting - Pitching for New York Mets : RHP Enrique Martinez
Batting: RHB Julio Franco 0-0: Ball
1-0: Ground out 1-3 (Groundball, P, EV 61.9 MPH)
Batting: LHB Steve Kemp 0-0: Fly out, F7 (Line Drive, 7, EV 86.3 MPH)
Batting: RHB Zail Smith 0-0: Ball
1-0: Foul Ball, location: 2F
1-1: Fly out, F3 (Popup, 23F, EV 91.3 MPH)
Top of the 2nd over - 0 runs, 0 hits, 0 errors, 0 left on base; Houston 4 - New York 0
BOTTOM OF THE 2ND
New York Mets batting - Pitching for Houston Astros : RHP Steve Bedrosian
Batting: SHB Ken Singleton 0-0: Ball
1-0: Foul Ball, location: 2F
1-1: Ball
2-1: Swinging Strike
2-2: Fly out, F6 (Popup, 5D, EV 51.9 MPH)
Batting: RHB Brad Komminsk 0-0: Foul Ball, location: 2F
0-1: Ball
1-1: Ball
2-1: Foul Ball, location: 2F
2-2: Strikes out swinging
Batting: RHB Bill Almon 0-0: Swinging Strike
0-1: Ball
1-1: Swinging Strike
1-2: Ball
2-2: Ground out 6-3 (Groundball, 6MD, EV 100.0 MPH)
Bottom of the 2nd over - 0 runs, 0 hits, 0 errors, 0 left on base; Houston 4 - New York 0
TOP OF THE 3RD
Houston Astros batting - Pitching for New York Mets : RHP Enrique Martinez
Batting: SHB Christopher Clark 0-0: Ball
1-0: Ball
2-0: Foul Ball, location: 2F
2-1: Foul Ball, location: 2F
2-2: Fly out, F9 (Flyball, 9LM, EV 82.5 MPH)
Batting: LHB Jose Cruz 0-0: Fly out, F8 (Flyball, 8LM, EV 88.1 MPH)
Batting: SHB Bill D Doran 0-0: Called Strike
0-1: Fly out, F4 (Flyball, 34D, EV 90.6 MPH)
Top of the 3rd over - 0 runs, 0 hits, 0 errors, 0 left on base; Houston 4 - New York 0
BOTTOM OF THE 3RD
New York Mets batting - Pitching for Houston Astros : RHP Steve Bedrosian
Batting: RHB Jason Sickman 0-0: Swinging Strike
0-1: Fly out, F7 (Flyball, 7LS, EV 89.4 MPH)
Batting: RHB Enrique Martinez 0-0: Ball
1-0: Fly out, F9 (Flyball, 9, EV 89.4 MPH)
Batting: LHB Lyman Bostock 0-0: Fly out, F6 (Flyball, 6D, EV 88.8 MPH)
Bottom of the 3rd over - 0 runs, 0 hits, 0 errors, 0 left on base; Houston 4 - New York 0
TOP OF THE 4TH
Houston Astros batting - Pitching for New York Mets : RHP Enrique Martinez
Batting: RHB Dave Valle 0-0: Hit by Pitch
Batting: RHB Ricky Adams 0-0: Ball
Wild Pitch!
Dave Valle to second
1-0: Ball
2-0: Called Strike
2-1: Foul Ball, location: 2F
2-2: Foul Ball, location: 2F
2-2: DOUBLE (Line Drive, 7LS, EV 105.6 MPH)
Dave Valle scores
Batting: RHB Steve Bedrosian 0-0: Sac Bunt to 15S - play at first, batter OUT! 1-4
Ricky Adams to third
Batting: RHB Julio Franco 0-0: Ball
1-0: Ball
2-0: SINGLE (Groundball, 5S, EV 62.5 MPH) (infield hit)
Ricky Adams scores
Pitching: RHP Raymond Price
Batting: LHB Steve Kemp 0-0: Called Strike
0-1: Swinging Strike
0-2: Foul Ball, location: 2F
0-2: Ball
Julio Franco is caught stealing 2nd base 2-6
1-2: Ball
2-2: Ball
3-2: Foul Ball, location: 2F
3-2: Foul Ball, location: 2F
3-2: Base on Balls
Batting: RHB Zail Smith 0-0: Ball
1-0: Ball
2-0: Ball
Steve Kemp steals 2nd base
3-0: Called Strike
3-1: Foul Ball, location: 2F
3-2: Fly out, F9 (Flyball, 89D, EV 98.1 MPH)
Top of the 4th over - 2 runs, 2 hits, 0 errors, 1 left on base; Houston 6 - New York 0
BOTTOM OF THE 4TH
New York Mets batting - Pitching for Houston Astros : RHP Steve Bedrosian
Batting: RHB Dave Concepcion 0-0: Foul Ball, location: 2F
0-1: Fly out, F9 (Line Drive, 9, EV 96.3 MPH)
Batting: LHB John Kruk 0-0: Ground out 4-3 (Groundball, 4S, EV 83.1 MPH)
Batting: RHB Garry Maddox 0-0: Ball
1-0: SINGLE (Groundball, 56D, EV 105.6 MPH)
Batting: SHB Ken Singleton 0-0: Ball
1-0: Ball
2-0: DOUBLE (Line Drive, 78D, EV 107.5 MPH)
Garry Maddox to third
Runner from 3rd tries for Home, SAFE, throw by CF to trailing runner, SAFE at third!
Batting: RHB Brad Komminsk 0-0: Ball
1-0: Ball
2-0: Ball
3-0: Base on Balls
Batting: RHB Bill Almon 0-0: Called Strike
0-1: Ball
1-1: Fly out, F7 (Flyball, 78M, EV 91.9 MPH)
Bottom of the 4th over - 1 run, 2 hits, 0 errors, 2 left on base; Houston 6 - New York 1
TOP OF THE 5TH
Houston Astros batting - Pitching for New York Mets : RHP Raymond Price
Batting: SHB Christopher Clark 0-0: Called Strike
0-1: Ball
1-1: Foul Ball, location: 2F
1-2: Ball
2-2: SINGLE (Groundball, 23, EV 66.3 MPH) (infield hit)
Batting: LHB Jose Cruz Balk!
Christopher Clark to second
0-0: 2-RUN HOME RUN (Flyball, 89XD, EV 95.0 MPH), Distance : 404 ft
Batting: SHB Bill D Doran 0-0: Ball
1-0: Ball
2-0: Called Strike
2-1: Foul Ball, location: 2F
2-2: Foul Ball, location: 2F
2-2: Foul Ball, location: 2F
2-2: Ground out 4-3 (Groundball, 4, EV 99.4 MPH)
Batting: RHB Dave Valle 0-0: Called Strike
0-1: Ball
1-1: Swinging Strike
1-2: Ball
2-2: Foul Ball, location: 2F
2-2: Strikes out swinging
Batting: RHB Ricky Adams 0-0: Fly out, F9 (Flyball, 9S, EV 96.9 MPH)
Top of the 5th over - 2 runs, 2 hits, 0 errors, 0 left on base; Houston 8 - New York 1
BOTTOM OF THE 5TH
New York Mets batting - Pitching for Houston Astros : RHP Steve Bedrosian
Batting: RHB Jason Sickman 0-0: Ball
1-0: Ball
2-0: Swinging Strike
2-1: Foul Ball, location: 2F
2-2: Ball
3-2: DOUBLE (Line Drive, 7LM, EV 111.9 MPH)
Batting: RHB Raymond Price 0-0: Ball
1-0: Bunted foul
1-1: Bunted foul
1-2: Bunt missed, Strikeout!
Batting: LHB Lyman Bostock 0-0: Foul Ball, location: 2F
0-1: SINGLE (Groundball, 3S, EV 63.8 MPH) (infield hit)
Jason Sickman to third
Batting: RHB Dave Concepcion 0-0: Ball
1-0: Ball
2-0: Called Strike
2-1: Fly out, F9 (Flyball, 89D, EV 95.6 MPH)
Runner from 3rd tags up, SCORES, throw by RF
Batting: LHB John Kruk 0-0: Ball
1-0: Foul Ball, location: 2F
1-1: Ball
2-1: Swinging Strike
2-2: SINGLE (Groundball, 34D, EV 110.6 MPH)
Lyman Bostock to second
Runner from 2nd tries for 3rd, SAFE, throw by RF made to third
Batting: RHB Garry Maddox 0-0: Called Strike
0-1: Ball
1-1: Fly out, F8 (Line Drive, 8LD, EV 95.6 MPH)
Bottom of the 5th over - 1 run, 3 hits, 0 errors, 2 left on base; Houston 8 - New York 2
TOP OF THE 6TH
Houston Astros batting - Pitching for New York Mets : RHP Raymond Price
Batting: RHB Steve Bedrosian 0-0: Called Strike
0-1: Ball
1-1: Ball
2-1: Ball
3-1: Ground out 5-3 (Groundball, 56S, EV 86.9 MPH)
Batting: RHB Julio Franco 0-0: Swinging Strike
0-1: DOUBLE (Line Drive, 89XD, EV 108.8 MPH)
Batting: LHB Steve Kemp 0-0: Ball
Julio Franco steals 3rd base
1-0: Fly out, F8 (Flyball, 8RXD, EV 77.5 MPH)
Runner from 3rd tags up, SCORES, no throw by CF
Batting: RHB Zail Smith 0-0: Called Strike
0-1: Ball
1-1: Ball
2-1: Fly out, F8 (Line Drive, 8LD, EV 96.9 MPH)
Top of the 6th over - 1 run, 1 hit, 0 errors, 0 left on base; Houston 9 - New York 2
BOTTOM OF THE 6TH
New York Mets batting - Pitching for Houston Astros : RHP Steve Bedrosian
Batting: SHB Ken Singleton 0-0: Ball
1-0: Called Strike
1-1: Ball
2-1: Foul Ball, location: 2F
2-2: Ball
3-2: SOLO HOME RUN (Flyball, 89XD, EV 105.0 MPH), Distance : 402 ft
Batting: RHB Brad Komminsk 0-0: Ball
1-0: Ball
2-0: Called Strike
2-1: Fly out, F7 (Flyball, 7S, EV 87.5 MPH)
Batting: RHB Bill Almon 0-0: Fly out, F8 (Line Drive, 8LM, EV 109.4 MPH)
Batting: RHB Jason Sickman 0-0: Ball
1-0: Ball
2-0: Called Strike
2-1: Foul Ball, location: 2F
2-2: Ball
3-2: Base on Balls
Pinch Hitting: RHB Gary Redus 0-0: Ball
1-0: Called Strike
1-1: Swinging Strike
1-2: Strikes out swinging
Bottom of the 6th over - 1 run, 1 hit, 0 errors, 1 left on base; Houston 9 - New York 3
TOP OF THE 7TH
Houston Astros batting - Pitching for New York Mets : RHP Raymond Price
Pitching: LHP Rich Wortham
Batting: SHB Christopher Clark 0-0: Called Strike
0-1: Called Strike
0-2: Ball
1-2: Strikes out swinging
Batting: LHB Jose Cruz 0-0: Called Strike
0-1: Ball
1-1: Swinging Strike
1-2: Ball
2-2: Ground out 4-3 (Groundball, 34D, EV 80.0 MPH)
Batting: SHB Bill D Doran 0-0: Called Strike
0-1: Foul Ball, location: 2F
0-2: Foul Ball, location: 2F
0-2: Ball
1-2: Ball
2-2: Foul Ball, location: 2F
2-2: Ball
3-2: Fly out, F7 (Line Drive, 7S, EV 108.8 MPH)
Top of the 7th over - 0 runs, 0 hits, 0 errors, 0 left on base; Houston 9 - New York 3
BOTTOM OF THE 7TH
New York Mets batting - Pitching for Houston Astros : RHP Steve Bedrosian
Batting: LHB Lyman Bostock 0-0: Ball
1-0: DOUBLE (Line Drive, 9LM, EV 108.1 MPH)
Batting: RHB Dave Concepcion 0-0: Ball
1-0: Swinging Strike
1-1: Foul Ball, location: 2F
1-2: Foul Ball, location: 2F
1-2: Ball
2-2: Fly out, F9 (Flyball, 9LS, EV 87.5 MPH)
Batting: LHB John Kruk 0-0: Called Strike
0-1: Swinging Strike
0-2: Strikes out swinging
Batting: RHB Garry Maddox 0-0: Ball
1-0: Fly out, F6 (Line Drive, 6, EV 63.8 MPH)
Bottom of the 7th over - 0 runs, 1 hit, 0 errors, 1 left on base; Houston 9 - New York 3
TOP OF THE 8TH
Houston Astros batting - Pitching for New York Mets : LHP Rich Wortham
Batting: RHB Dave Valle 0-0: Called Strike
0-1: Ball
1-1: Ground out 3-1 (Groundball, 34, EV 84.4 MPH)
Batting: RHB Ricky Adams 0-0: Foul Ball, location: 2F
0-1: Ball
1-1: Foul Ball, location: 2F
1-2: Strikes out swinging
Batting: RHB Steve Bedrosian 0-0: Foul Ball, location: 2F
0-1: Ball
1-1: Foul Ball, location: 2F
1-2: Ground out 6-3 (Groundball, 6, EV 93.1 MPH)
Top of the 8th over - 0 runs, 0 hits, 0 errors, 0 left on base; Houston 9 - New York 3
BOTTOM OF THE 8TH
New York Mets batting - Pitching for Houston Astros : RHP Steve Bedrosian
Batting: SHB Ken Singleton 0-0: Ball
1-0: Ball
2-0: Called Strike
2-1: Ball
3-1: Base on Balls
Batting: RHB Brad Komminsk 0-0: Swinging Strike
0-1: Ball
1-1: Ball
2-1: SINGLE (Groundball, 56D, EV 107.5 MPH)
Ken Singleton to second
Batting: RHB Bill Almon 0-0: Ball
1-0: Ball
2-0: Foul Ball, location: 2F
2-1: Ball
3-1: Called Strike
3-2: Strikes out looking
Batting: RHB Jason Sickman 0-0: Foul Ball, location: 2F
0-1: Ball
1-1: Ball
2-1: DOUBLE (Flyball, 8RXD, EV 106.3 MPH)
Ken Singleton scores
Brad Komminsk to third
Runner from 3rd tries for Home, SAFE, throw by CF to home
Pinch Hitting: LHB Alamazoo White 0-0: Called Strike
0-1: Ball
1-1: Ball
2-1: Ball
3-1: Called Strike
3-2: SINGLE (Flyball, 8RS, EV 97.5 MPH)
Jason Sickman to third
Pitching: RHP Kevin Carr
Batting: LHB Lyman Bostock 0-0: Fielders Choice at 2nd, 6-4 (Groundball, 6, EV 89.4 MPH)
Jason Sickman scores
Batting: RHB Dave Concepcion 0-0: Called Strike
0-1: Ball
1-1: Called Strike
1-2: Ball
Wild Pitch!
Lyman Bostock to second
2-2: Foul Ball, location: 2F
2-2: Foul Ball, location: 2F
2-2: Strikes out looking
Bottom of the 8th over - 3 runs, 3 hits, 0 errors, 1 left on base; Houston 9 - New York 6
TOP OF THE 9TH
Houston Astros batting - Pitching for New York Mets : LHP Rich Wortham
Pitching: RHP Kip Young
Batting: RHB Julio Franco 0-0: Fly out, F8 (Flyball, 89D, EV 104.4 MPH)
Batting: LHB Steve Kemp 0-0: Foul Ball, location: 2F
0-1: Ball
1-1: Ball
2-1: Foul Ball, location: 2F
2-2: Fly out, F9 (Flyball, 9, EV 77.5 MPH)
Batting: RHB Zail Smith 0-0: Ball
1-0: Called Strike
1-1: Fly out, F8 (Flyball, 8LM, EV 91.9 MPH)
Top of the 9th over - 0 runs, 0 hits, 0 errors, 0 left on base; Houston 9 - New York 6
BOTTOM OF THE 9TH
New York Mets batting - Pitching for Houston Astros : RHP Kevin Carr
Batting: LHB John Kruk 0-0: Ball
1-0: Ball
2-0: Ball
3-0: Called Strike
3-1: Called Strike
3-2: Strikes out swinging
Batting: RHB Garry Maddox 0-0: Ball
1-0: Ball
2-0: Called Strike
2-1: Swinging Strike
2-2: Foul Ball, location: 2F
2-2: DOUBLE (Line Drive, 89XD, EV 104.4 MPH)
Batting: SHB Ken Singleton 0-0: Ball
1-0: Swinging Strike
1-1: Ball
2-1: Called Strike
2-2: Ball
3-2: Strikes out swinging
Batting: RHB Brad Komminsk 0-0: Ball
1-0: Called Strike
1-1: 2-RUN HOME RUN (Flyball, 89XD, EV 89.4 MPH), Distance : 422 ft
Batting: RHB Bill Almon 0-0: Called Strike
0-1: Ball
1-1: Ball
2-1: Ball
3-1: SINGLE (Groundball, 3S, EV 70.6 MPH) (infield hit)
Batting: RHB Jason Sickman 0-0: Ball
1-0: Ball
2-0: Ground out 4-3 (Groundball, 34, EV 83.8 MPH)
Bottom of the 9th over - 2 runs, 3 hits, 0 errors, 1 left on base; Houston 9 - New York 8
Thursday, August 27th, 2020 - OOTP Baseball 21.5 Build 76